 Dungeon Crawl Stone Soup version 0.26-a0-708-g17f3b190f9 (webtiles) character file.

Game seed: 16602527028298820708

912 Grant146 the Chopper (level 7, 0/61 HPs)
             Began as a Minotaur Berserker on Oct 29, 2020.
             Was a Priest of Trog.
             Slain by an orc priest
             ... wielding a cursed +0 flail
              (2 damage)
             ... on level 5 of the Dungeon.
             The game lasted 00:07:28 (4089 turns).

Grant146 the Chopper (Minotaur Berserker)           Turns: 4089, Time: 00:07:28

Health: 0/61       AC:  9    Str: 24    XL:     7   Next: 82%
Magic:  6/6        EV:  8    Int:  4    God:    Trog [***...]
Gold:   162        SH:  0    Dex:  9    Spells: 6/6 levels left

rFire    . . .     SeeInvis .   r - +3 hand axe
rCold    . . .     Faith    .   (no shield)
rNeg     . . .     Spirit   .   i - +0 chain mail
rPois    .         Reflect  .   (helmet restricted)
rElec    .         Harm     .   (no cloak)
rCorr    .         Rampage  .   (no gloves)
MR       .....                  (no boots)
Stlth    ..........             (no amulet)
HPRegen  0.20/turn              (no ring)
MPRegen  0.10/turn              (no ring)

@: berserk cooldown, very heavily drained
A: retaliatory headbutt, horns 2
a: Berserk, Trog's Hand, Renounce Religion


You were on level 5 of the Dungeon.
You worshipped Trog.
Trog was most pleased with you.
You visited 1 branch of the dungeon, and saw 5 of its levels.

You collected 162 gold pieces.

Inventory:

Hand Weapons
 a - a +0 hand axe
 r - a +3 hand axe (weapon)
 t - a +0 vorpal war axe
Armour
 b - a +0 animal skin
 i - a +0 chain mail (worn)
Jewellery
 g - an uncursed ring of protection from magic {unknown}
 k - an uncursed amulet of the acrobat
 m - an uncursed amulet of regeneration {unknown}
 p - an uncursed amulet of guardian spirit {unknown}
 u - an uncursed ring of flight {unknown}
Wands
 y - a wand of enslavement (6)
 B - a wand of flame (14)
Scrolls
 f - 2 scrolls of fog {unknown}
 j - 4 scrolls of identify {unknown}
 l - a scroll of remove curse {unknown}
 q - a scroll of immolation {unknown}
 v - a scroll of enchant armour {unknown}
 w - 3 scrolls of enchant weapon {unknown}
 x - a scroll of random uselessness {unknown}
 A - a scroll of magic mapping {unknown}
 D - a scroll of teleportation {unknown}
Potions
 c - a potion of invisibility {unknown}
 d - a potion of magic {unknown}
 e - 2 potions of flight {unknown}
 h - 2 potions of heal wounds {unknown}
 n - 2 potions of curing {unknown}
 o - a potion of berserk rage {unknown}
 s - a potion of degeneration {unknown}
 z - a potion of lignification {unknown}
 C - a potion of stabbing {unknown}


   Skills:
 + Level 5.6(2.2) Fighting
 + Level 7.6(4.0) Axes
 + Level 6.8(3.3) Armour
 + Level 3.3(0.1) Dodging
 + Level 0.5(0.0) Stealth


You had 6 spell levels left.
You didn't know any spells.
Your spell library was empty.

Dungeon Overview and Level Annotations

Branches:
Dungeon (5/15)
 Temple: D:4-7

Altars:
Ru


Innate Abilities, Weirdness & Mutations

You reflexively headbutt those who attack you in melee.
You have a pair of horns on your head.


Message History

You feel a strong urge to attack something.
You see here a howler monkey corpse.
You feel your anger nearly subside.
You are no longer berserk.
You are exhausted.
You feel yourself slow down.
You start resting.
An orc priest comes into view. It is wielding a +0 flail.
An orc priest is nearby!
The orc priest shouts!
An orc comes into view. It is wielding a +0 flail.
You feel yourself speed up.
An orc comes into view.
The orc priest mumbles some strange prayers to Beogh against you.
Pain shoots through your body!
* * * LOW HITPOINT WARNING * * *
The orc priest mumbles some strange prayers to Beogh against you.
Beogh smites you!
* * * LOW HITPOINT WARNING * * *
The orc priest hits you with a cursed +0 flail.
You die...

#.....# #.....#
'.....#
########.....##
#.............#
+........≈o...#
#..>.....o....#
#.....†..[o...#
.........[@....#
...............#
...............#
...............#
...............#
..######+#######
..


You could see an orc priest and 2 orcs.

Vanquished Creatures
  A sky beast (D:5)
  Purgy (D:3)
  An orc warrior (D:3)
  An ogre (D:4)
  A phantom (D:4)
  A howler monkey (D:5)
  4 orc priests
  Ijyb (D:4)
  2 orc wizards (D:4)
  3 worker ants (D:4)
  5 adders
  An ooze (D:1)
  An ufetubus (D:5)
  3 worms (D:3)
  2 dart slugs
  3 leopard geckos (D:2)
  7 orcs
  A ball python (D:2)
  10 bats
  3 giant cockroaches
  16 goblins
  12 hobgoblins
  4 jackals (D:1)
  2 quokkas (D:3)
  8 frilled lizards
  7 kobolds
  3 rats
104 creatures vanquished.

Notes
Turn   | Place    | Note
-------+----------+-------------------------------------------
     0 | D:1      | Grant146 the Minotaur Berserker began the quest for the
                  | Orb.
     0 | D:1      | Reached XP level 1. HP: 19/19 MP: 0/0
    85 | D:1      | Reached skill level 4 in Axes
    85 | D:1      | Reached XP level 2. HP: 21/27 MP: 1/1
   676 | D:1      | Reached XP level 3. HP: 27/33 MP: 2/2
   885 | D:1      | Reached ** piety under Trog
  1283 | D:2      | Reached XP level 4. HP: 38/41 MP: 3/3
  1794 | D:2      | Found a sacrificial altar of Ru.
  1822 | D:2      | Reached skill level 5 in Axes
  2108 | D:3      | Noticed Purgy
  2123 | D:3      | Killed Purgy
  2123 | D:3      | Reached XP level 5. HP: 40/47 MP: 4/4
  2183 | D:3      | Reached *** piety under Trog
  2208 | D:3      | Reached XP level 6. HP: 13/55 MP: 5/5
  2488 | D:3      | Noticed an orc warrior
  2522 | D:3      | Killed an orc warrior
  2522 | D:3      | Reached skill level 5 in Fighting
  2522 | D:3      | Reached skill level 6 in Axes
  3216 | D:3      | Reached skill level 5 in Armour
  3345 | D:4      | Reached XP level 7. HP: 59/61 MP: 6/6
  3374 | D:4      | Reached skill level 7 in Axes
  3552 | D:4      | Noticed Ijyb
  3567 | D:4      | Killed Ijyb
  3798 | D:5      | Entered Level 5 of the Dungeon
  4088 | D:5      | HP: 2/61 [orc priest/divine providence (12)]
  4089 | D:5      | Slain by an orc priest

Illustrated notes

Levels and vault maps discovered:
D:1:      lemuel_arrival_broad_hall, layout_basic
D:2:      layout_basic, nicolae_ru_the_path_less_chosen
D:3:      layout_basic, chequers_serial_rivers_micro_b,
          minmay_goblin_kobold_house, uniq_purgy
D:4:      cheibrodos_pilgrimage, layout_basic, eat_drink_and_be_merry_uskayaw,
          makhleb_heckhound_becter, uniq_ijyb
D:5:      layout_gridville, minmay_temple_entry_offerings, st_stairs_3,
          uniq_sigmund

Skill      XL: |  1  2  3  4  5  6  7 |
---------------+----------------------+-----
Fighting       | 4 5 |  5.6
Axes           | 4 5 6 7 |  7.6
Armour         | 3 4 5 6 |  6.8
Dodging        | 3 |  3.3
Stealth        | |  0.5

Action                   |  1- 3 |  4- 6 |  7- 9 || total
-------------------------+-------+-------+-------++-------
Melee: Hand axe          |    86 |   113 |    75 ||   274
       Headbutt          |    12 |    31 |     7 ||    50
Invok: Berserk           |       |     2 |     1 ||     3
Armor: Animal skin       |     6 |       |       ||     6
       Chain mail        |    40 |    45 |    77 ||   162
Dodge: Dodged            |    63 |    41 |    40 ||   144

Table legend: (Time is in decaauts)
 A = Elapsed time spent in this place.
 B = Non-inter-level travel time spent in this place.
 C = Inter-level travel time spent in this place.
 D = Time resting spent in this place.
 E = Time spent auto-exploring this place.
 F = Levels seen in this place.
 G = Mean time per level.
                   A        B        C        D        E       F      G
               +--------+--------+--------+--------+--------+-----+--------+
         Total |   4135 |   4105 |     30 |    234 |   2913 |   5 |  827.0 |
       Dungeon |   4135 |   4105 |     30 |    234 |   2913 |   5 |  827.0 |
               +--------+--------+--------+--------+--------+-----+--------+

Top non-repeatable levels by time:
     D:3: 1422 daAuts
     D:1: 976 daAuts
     D:2: 918 daAuts
     D:4: 515 daAuts
     D:5: 301 daAuts
